 Dungeon Crawl Stone Soup version 0.26-a0-50-gc4d14cd842 (webtiles) character file.

Game seed: 17211505520785315705

170 vurker the Gusty (level 5, 0/29 HPs)
             Began as a Tengu Air Elementalist on June 4, 2020.
             Succumbed to Crazy Yiuf's poison
             ... on level 2 of the Dungeon.
             The game lasted 00:03:33 (2182 turns).

vurker the Gusty (Tengu Air Elementalist)           Turns: 2182, Time: 00:03:33

Health: 0/29       AC:  2    Str:  6    XL:     5   Next: 50%
Magic:  6/10       EV: 15    Int: 16    God:
Gold:   85         SH:  0    Dex: 15    Spells: 0/10 levels left

rFire    . . .     SeeInvis .   m - +0 dagger (speed)
rCold    . . .     Gourm    .   (no shield)
rNeg     . . .     Faith    .   a - +0 robe
rPois    .         Spirit   .   (helmet restricted)
rElec    .         Reflect  .   (no cloak)
rCorr    .         Harm     .   (no gloves)
MR       .....                  (boots unavailable)
Stlth    ++........             (no amulet)
HPRegen  0.09/turn              (no ring)
MPRegen  0.12/turn              (no ring)

@: lethally poisoned (0 -> -2), stab, flying quickly and evasively, quick
A: beak, talons 3, mutation resistance 1, weak 1, able to fly
a: Stop Flying


You were on level 2 of the Dungeon.
You were not hungry.

You visited 1 branch of the dungeon, and saw 2 of its levels.

You collected 85 gold pieces.

Inventory:

Hand Weapons
 m - a +0 dagger of speed (weapon)
   (You took it off a goblin on level 2 of the Dungeon)
Armour
 a - a +0 robe (worn)
Scrolls
 b - 2 scrolls of enchant weapon {unknown}
 c - a scroll of magic mapping {unknown}
 f - a scroll of random uselessness {unknown}
 h - a scroll of remove curse {unknown}
 i - a scroll of teleportation {unknown}
 j - 2 scrolls of identify {unknown}
 k - a scroll of fog {unknown}
Potions
 g - a potion of stabbing
Comestibles
 d - 2 chunks of flesh
 e - 2 rations


   Skills:
 + Level 1.6 Fighting
 - Level 2.1 Dodging
 - Level 2.0 Stealth
 * Level 3.1 Spellcasting
 * Level 3.7 Conjurations
 * Level 5.4 Air Magic


You couldn't memorise any spells.
You knew the following spells:

 Your Spells              Type           Power        Failure   Level  Hunger
a - Shock                 Conj/Air       ###.         2%          1    None
b - Lightning Bolt        Conj/Air       ###.......   61%         5    ######.
c - Airstrike             Air            ###.......   21%         4    ####...

Your spell library contained the following spells:

 Spells                   Type           Power        Failure   Level  Hunger
 Swiftness                Chrm/Air       ##......     9%          2    ##.....
 Static Discharge         Conj/Air       ###.....     9%          3    ###....


Dungeon Overview and Level Annotations

Branches:
Dungeon (2/15)

Altars:
Uskayaw


Innate Abilities, Weirdness & Mutations

You have a beak for a mouth.
You have claws for feet.
You can fly continuously.
You are somewhat resistant to further mutation.
You are weak. (Str -2)


Message History

You feel sick. Crazy Yiuf barely misses you.
The spell is extremely dangerous to cast (21% risk of failure)!
Continue anyway? [Y]es or [N]o only, please.
The spell is extremely dangerous to cast (21% risk of failure)!
Continue anyway?
Aim: Crazy Yiuf, wielding a +2 quarterstaff of chaos and wearing a +0 cloak (almost dead)
The air twists around and strikes Crazy Yiuf!
You kill Crazy Yiuf!
* * * LOW HITPOINT WARNING * * *
You feel sick.
Okay, then.
Okay, then.
* * * LOW HITPOINT WARNING * * *
You feel sick.
You see here a mace.
* * * LOW HITPOINT WARNING * * *
You feel sick.
* * * LOW HITPOINT WARNING * * *
You feel sick.
* * * LOW HITPOINT WARNING * * *
You feel sick.
* * * LOW HITPOINT WARNING * * *
You feel sick.
Okay, then.
Search for what [Enter for "ego", or ? for help]? cloak Can't find anything matching that.
Search for what [Enter for "cloak", or ? for help]? armor Unknown command.
Unknown command.
Search for what [Enter for "armor", or ? for help]?
Okay, then.
* * * LOW HITPOINT WARNING * * *
You feel sick.
Unknown command.
Unknown command.
* * * LOW HITPOINT WARNING * * *
You feel sick.
Unknown command.
Unknown command.
Unknown command.
* * * LOW HITPOINT WARNING * * *
You feel sick.
Unknown command.
Unknown command.
Unknown command.
* * * LOW HITPOINT WARNING * * *
You feel sick.
Unknown command.
Unknown command.
Unknown command.
You die...

#)##.#.# #.# #.
#####.##.#.# #. .#
#.# #. #...÷.##.#.#
#.#.# #######.####.
#.##>.....(. .....
.........))..
....÷....#.# #.#.#
#######.####.
#.##.##.##.####.#.#
#.......# #.
................#.#
####.#### #.
#.#.#.##.#........#
#.#######.
..............##@##
#.#.......
#.#.#<.....##.#...#
#.#.#####.
#.#.#.###..###....#
#.#.#####. #
#.#......# #....#
#.#.......
#.#.####.# ♣....♣
###.########
#......# ♣...♣♣
#.....# ########
♣♣.♣♣ ###.#(# ♣)♣♣
#.#.# ♣♣.♣ #.#.#


There were no monsters in sight!

Vanquished Creatures
  Crazy Yiuf (D:2)
  Jessica (D:2)
  A hound skeleton (D:2)
  Robin (D:2)
  2 adders (D:2)
  An ooze (D:2)
  A dart slug (D:1)
  A worm (D:2)
  9 bats
  4 giant cockroaches
  13 goblins
  5 hobgoblins
  7 jackals
  6 kobolds
  A quokka (D:2)
  6 frilled lizards
  4 rats (D:1)
64 creatures vanquished.

Notes
Turn   | Place    | Note
-------+----------+-------------------------------------------
     0 | D:1      | vurker the Tengu Air Elementalist began the quest for the
                  | Orb.
     0 | D:1      | Reached XP level 1. HP: 10/10 MP: 4/4
   268 | D:1      | Reached XP level 2. HP: 15/15 MP: 4/6
   650 | D:1      | Reached XP level 3. HP: 20/20 MP: 1/7
  1511 | D:2      | Noticed Robin
  1513 | D:2      | Reached skill level 1 in Fighting
  1513 | D:2      | Reached XP level 4. HP: 25/25 MP: 5/8
  1526 | D:2      | Killed Robin
  1771 | D:2      | Reached skill level 5 in Air Magic
  1847 | D:2      | Noticed a +0 dagger
  1848 | D:2      | Noticed a +0 dagger
  1849 | D:2      | Found a hide-covered altar of Uskayaw.
  1944 | D:2      | Noticed Jessica
  1949 | D:2      | Killed Jessica
  1949 | D:2      | Gained mutation: You can fly continuously. [Tengu growth]
  1949 | D:2      | Reached XP level 5. HP: 29/29 MP: 4/10
  2088 | D:2      | Learned a level 5 spell: Lightning Bolt
  2093 | D:2      | Learned a level 4 spell: Airstrike
  2145 | D:2      | Found a runed translucent door.
  2146 | D:2      | Noticed Crazy Yiuf
  2155 | D:2      | Gained mutation: You are weak. (Str -2) [potion of
                  | mutation]
  2155 | D:2      | Gained mutation: You are somewhat resistant to further
                  | mutation. [potion of mutation]
  2157 | D:2      | Killed Crazy Yiuf
  2178 | D:2      | HP: 1/29 [poisoned by Crazy Yiuf]
  2182 | D:2      | Succumbed to Crazy Yiuf's poison

Illustrated notes

Levels and vault maps discovered:
D:1:      mainiacjoe_arrival_reflecting_pool, layout_rooms
D:2:      layout_basic, dancing_weapons_uskayaw, uniq_jessica,
          uniq_crazy_yiuf_cottage, uniq_robin

Skill      XL: |  1  2  3  4  5 |
---------------+----------------+-----
Conjurations   | 2 3 |  3.7
Fighting       | 1 |  1.6
Air Magic      | 5 |  5.4
Spellcasting   | 3 |  3.1
Dodging        | |  2.1
Stealth        | |  2.0

Action                   |  1- 3 |  4- 6 || total
-------------------------+-------+-------++-------
Melee: Short sword       |    17 |     5 ||    22
       Kick              |     4 |     2 ||     6
       Unarmed           |     1 |       ||     1
       Peck              |     2 |     2 ||     4
 Cast: Shock             |    72 |    39 ||   111
       Airstrike         |       |     1 ||     1
 Abil: Fly               |       |     1 ||     1
  Use: Potion            |       |     3 ||     3
  Eat: Chunk             |     3 |     2 ||     5
Armor: Robe              |     9 |     1 ||    10
Dodge: Dodged            |    26 |    12 ||    38

Table legend:
 A = Non-vault XP
 B = Vault XP
 C = Vault XP percentage of total XP
 D = Non-vault monster count
 E = Vault monster count
 F = Vault count percentage of total count
                 A         B        C        D         E       F
            +---------+---------+-------+---------+---------+-------
      Total |     135 |     108 |  44.4 |      54 |      10 |  15.6
            +---------+---------+-------+---------+---------+-------
        D:1 |      54 |       0 |   0.0 |      33 |       0 |   0.0
        D:2 |      81 |     108 |  57.1 |      21 |      10 |  32.3
            +---------+---------+-------+---------+---------+-------
